 Dungeon Crawl Stone Soup version 0.19.0-19-g8c6edcc (webtiles) character file.

6362 Minion the Spear-Bearer (level 11, -19/75 HPs)
             Began as a Formicid Fighter on Nov 12, 2016.
             Was a Priest of the Shining One.
             Demolished by Millan's ghost (22 damage)
             ... on level 9 of the Dungeon.
             The game lasted 00:35:47 (9180 turns).

Minion the Spear-Bearer (Formicid Fighter)          Turns: 9180, Time: 00:35:48

Health: -19/75     AC: 14    Str: 31    XL:     11   Next: 17%
Magic:  11/14      EV: 16    Int:  7    God:    the Shining One [***...]
Gold:   261        SH: 21    Dex: 17    Spells: 0 memorised, 10 levels left

rFire  + . .     SeeInvis +     F - +2 battleaxe
rCold  . . .     Gourm    .     z - +0 chain mail {rF+}
rNeg   + . .     Faith    .     c - +0 shield
rPois  +         Spirit   .     (helmet unavailable)
rElec  .         Reflect  .     e - +0 cloak
rCorr  .         Harm     .     E - +1 pair of gloves {Str+3}
MR     +....                    (no boots)
Stlth  ..........               (no amulet)
                                x - ring of poison resistance
                                (no ring)

@: mighty, agile, divine shield, glowing
A: permanent stasis, dig shafts and tunnels, four strong arms, antennae 3
a: Dig, Shaft Self, Divine Shield, Renounce Religion


You were on level 9 of the Dungeon.
You worshipped the Shining One.
The Shining One was most pleased with you.
You were not hungry.

You visited 2 branches of the dungeon, and saw 10 of its levels.

You collected 502 gold pieces.
You spent 241 gold pieces at shops.

Inventory:

Hand Weapons
 t - a +4 spear of flaming
 y - a +2 war axe of chopping
 F - a +2 battleaxe (weapon)
Armour
 c - a +0 shield (worn)
 e - a +0 cloak (worn)
 z - a +0 chain mail of fire resistance (worn)
 E - a +1 pair of gloves of strength (worn)
Jewellery
 b - an uncursed ring of wizardry
 x - a ring of poison resistance (right hand)
Wands
 l - a wand of iceblast (8/15)
 r - a wand of polymorph (13/24)
 u - a wand of enslavement (9/24)
 C - a wand of flame (7/48)
 I - a wand of lightning (9/15)
Scrolls
 p - a scroll of fear {unknown}
 v - 2 scrolls of enchant weapon
 w - a scroll of identify
 B - a scroll of enchant armour {unknown}
 D - 5 scrolls of remove curse
 G - a scroll of immolation {unknown}
Potions
 a - a potion of invisibility {unknown}
 i - a potion of cure mutation
 q - a potion of flight
 s - a potion of haste {unknown}
 A - a potion of brilliance {unknown}
Books
 j - a book of Callings

   Spells                             Type                      Level
   a - Summon Small Mammal            Summoning                    1
   b - Call Imp                       Summoning                    2
   c - Call Canine Familiar           Summoning                    3
   d - Summon Guardian Golem          Hexes/Summoning              3
   e - Summon Lightning Spire         Summoning/Air                4
   f - Summon Ice Beast               Ice/Summoning                4
 n - a book of Cantrips

   Spells                             Type                      Level
   a - Confusing Touch                Hexes                        1
   b - Animate Skeleton               Necromancy                   1
   c - Summon Small Mammal            Summoning                    1
   d - Apportation                    Translocation                1
Comestibles
 f - 6 bread rations
 g - 2 beef jerkies
 h - 6 meat rations
 m - 2 fruits
 H - 2 chunks of flesh


   Skills:
 - Level 3.2 Fighting
 + Level 1.5(8.1) Axes
 - Level 12.2 Polearms
 - Level 7.0 Armour
 + Level 3.4 Dodging
 - Level 9.0 Shields
 - Level 4.3 Invocations


You had 10 spell levels left.
You didn't know any spells.

Dungeon Overview and Level Annotations

Branches:
Dungeon (9/15)             Temple (1/1) D:4
   Lair: D:8-11         Orc: D:9-12

Altars:
Ashenzari
Cheibriados
Dithmenos
Elyvilon
Gozag
Hepliaklqana
Kikubaaqudgha
Makhleb
Nemelex Xobeh
Okawaru
Qazlal
Ru
Sif Muna
Trog
Uskayaw
Vehumet
Xom
Yredelemnul
Zin
The Shining One

Shops:
D:8 [

Annotations:
D:9 Millan's ghost, novice MiBe


Innate Abilities, Weirdness & Mutations

You are under a permanent stasis effect.
You can dig through walls and to a lower floor.
Your four strong arms can wield two-handed weapons with a shield.
You have a pair of large antennae on your head. (SInv)


Message History

You block Millan's ghost's attack.
You feel agile all of a sudden.
Millan's ghost hits you but does no damage.
Your divine shield is renewed.
You feel slightly more hungry. You block Millan's ghost's attack.
You slice Millan's ghost!!
Millan's ghost is almost destroyed.
You block Millan's ghost's attack.
You hit Millan's ghost but do no damage.
Millan's ghost is almost destroyed.
You block Millan's ghost's attack.
Millan's ghost yells, "Who would have thought, even in death it is a pleasure to sever!"
You block Millan's ghost's attack.
You hit Millan's ghost but do no damage.
Millan's ghost is almost destroyed.
You block Millan's ghost's attack.
You slash Millan's ghost!
Millan's ghost is almost destroyed.
Millan's ghost hits you!!
You die...

#.........†.#...#
#...........#...#
#........†..#...#
#.......)...#.#.#
#...).......#.#.# #
###..))[......#...#.#
........########....#
........# #W#
........# #@#
........########.#
........##.......#
.....(..'..._(...#
........##._8_.###
........##.._..#
#'########.....# #.#
#....### #.# #....#


You could see Millan's ghost.

Vanquished Creatures
  Joseph (D:8)
  A troll (D:9)
  A hippogriff (D:9)
  A hungry ghost (D:6)
  A water moccasin (D:6)
  2 black bears
  2 ice beasts
  2 sky beasts
  A necrophage (D:5)
  4 phantoms
  4 orc warriors
  5 ogres
  4 centaurs
  2 bullfrogs (D:9)
  The ghost of toffzen the Sneak, an amateur SpEn (D:3)
  6 big kobolds
  A gnoll sergeant (D:8)
  4 scorpions
  5 killer bees (D:8)
  9 wights
  4 electric eels (D:7)
  2 howler monkeys
  2 bullfrog zombies
  3 crimson imps
  A centaur zombie (D:9)
  4 hounds
  6 orc priests
  3 iguanas
  A jelly (D:5)
  9 orc wizards
  9 worker ants
  20 adders
  14 gnolls
  2 oozes
  An adder skeleton (D:4)
  An adder zombie (D:4)
  2 worms
  4 dart slugs
  12 leopard geckos
  47 orcs
  A ball python (D:2)
  10 giant cockroaches
  11 goblins
  12 hobgoblins
  10 jackals
  46 kobolds
  8 quokkas
  4 bats
  6 frilled lizards
  A jackal zombie (D:5)
  A leopard gecko skeleton (D:4)
  A leopard gecko zombie (D:6)
  A quokka skeleton (D:6)
  8 rats
  2 plants (D:7)
326 creatures vanquished.

Vanquished Creatures (others)
  A jackal zombie (D:7)
  13 plants (D:7)
14 creatures vanquished.

Grand Total: 340 creatures vanquished

Notes
Turn   | Place    | Note
-------+----------+-------------------------------------------
     0 | D:1      | Minion the Formicid Fighter began the quest for the Orb.
     0 | D:1      | Reached XP level 1. HP: 18/18 MP: 1/1
    78 | D:1      | Reached XP level 2. HP: 24/24 MP: 2/2
    87 | D:1      | Reached skill level 3 in Polearms
   164 | D:1      | Reached XP level 3. HP: 25/29 MP: 3/3
   574 | D:2      | Reached skill level 4 in Polearms
   574 | D:2      | Reached XP level 4. HP: 33/35 MP: 4/4
   610 | D:2      | Found a stormy altar of Qazlal.
  1075 | D:2      | Reached XP level 5. HP: 24/41 MP: 5/5
  1255 | D:3      | Noticed toffzen's ghost (amateur SpEn)
  1258 | D:3      | Noticed an ogre
  1316 | D:3      | Killed toffzen's ghost
  1316 | D:3      | Reached skill level 5 in Polearms
  1319 | D:3      | Killed an ogre
  1319 | D:3      | Reached skill level 6 in Polearms
  1319 | D:3      | Reached XP level 6. HP: 11/47 MP: 6/6
  2003 | D:3      | Reached skill level 7 in Polearms
  2003 | D:3      | Reached XP level 7. HP: 51/52 MP: 7/7
  2730 | D:4      | Found a staircase to the Ecumenical Temple.
  2742 | Temple   | Entered the Ecumenical Temple
  2763 | Temple   | Became a worshipper of the Shining One
  3004 | D:4      | Reached skill level 5 in Shields
  3004 | D:4      | Reached XP level 8. HP: 48/58 MP: 8/8
  3206 | D:4      | Reached skill level 8 in Polearms
  3571 | D:5      | Entered Level 5 of the Dungeon
  4073 | D:5      | Reached skill level 9 in Polearms
  4073 | D:5      | Reached XP level 9. HP: 64/64 MP: 9/9
  4087 | D:5      | Reached * piety under the Shining One
  5249 | D:6      | Found a hide-covered altar of Uskayaw.
  5260 | D:6      | Reached skill level 10 in Polearms
  5449 | D:6      | Found a faded altar of an unknown god.
  5449 | D:6      | Found a faded altar of an unknown god.
  5454 | D:6      | Found a shimmering altar of Xom.
  5456 | D:6      | Found a faded altar of an unknown god.
  5457 | D:6      | Found a shattered altar of Ashenzari.
  5499 | D:6      | Reached skill level 5 in Armour
  5507 | D:6      | Reached XP level 10. HP: 63/70 MP: 10/10
  5839 | D:6      | Reached ** piety under the Shining One
  6574 | D:7      | Reached skill level 11 in Polearms
  7755 | D:7      | Reached skill level 1 in Invocations
  8068 | D:8      | Found Xifekk's Antique Armour Shop.
  8076 | D:8      | Bought a pair of runed gloves for 241 gold pieces
  8090 | D:8      | Noticed Joseph
  8129 | D:8      | Killed Joseph
  8490 | D:8      | Reached skill level 1 in Dodging
  8744 | D:9      | Reached skill level 12 in Polearms
  8862 | D:9      | Reached *** piety under the Shining One
  8870 | D:9      | Reached XP level 11. HP: 75/75 MP: 14/14
  9039 | D:9      | Reached skill level 1 in Axes
  9145 | D:9      | Found a deep blue altar of Sif Muna.
  9146 | D:9      | Found a radiant altar of Vehumet.
  9146 | D:9      | Found a glowing silver altar of Zin.
  9147 | D:9      | Found an iron altar of Okawaru.
  9157 | D:9      | Noticed Millan's ghost (novice MiBe)
  9173 | D:9      | HP: 2/75 [Millan's ghost (22)]
  9180 | D:9      | Demolished by Millan's ghost

Skill      XL: |  1  2  3  4  5  6  7  8  9 10 11 |
---------------+----------------------------------+-----
Polearms       | 3 4 6 7 9 10 12 | 12.2
Shields        | 5 7 9 |  9.0
Armour         | 5 7 |  7.0
Invocations    | 4 |  4.3
Dodging        | 1 3 |  3.4
Axes           | 1 |  1.5
Fighting       | |  3.2

Action                   |  1- 3 |  4- 6 |  7- 9 | 10-12 || total
-------------------------+-------+-------+-------+-------++-------
Melee: Trident           |    88 |   240 |       |       ||   328
       Spear             |       |    15 |   486 |   427 ||   928
       Battleaxe         |       |       |       |    30 ||    30
Invok: Divine Shield     |       |       |       |     2 ||     2
Evoke: Wand              |       |       |       |     1 ||     1
  Use: Potion            |       |     1 |     1 |     5 ||     7
       Scroll            |       |       |    10 |     2 ||    12
  Eat: Chunk             |       |     4 |    10 |    13 ||    27
       Fruit             |       |       |     1 |     1 ||     2
Armor: Scale mail        |     5 |       |       |       ||     5
       Plate armour      |    21 |   124 |   106 |    35 ||   286
       Chain mail        |       |       |       |    24 ||    24
Dodge: Dodged            |    13 |    32 |    61 |    34 ||   140
Block: Shield            |    35 |    89 |   136 |    90 ||   350
